 Dungeon Crawl Stone Soup version 0.28-a0-1638-g9123634e07 (webtiles) character file.

Game seed: 17155173817655426600

1031 HallandMoats the Skirmisher (level 8, 0/70 HPs)
             Began as a Ghoul Fighter on Jan 25, 2022.
             Slain by Pikel (5 damage)
             ... on level 4 of the Dungeon.
             The game lasted 00:05:04 (4900 turns).

HallandMoats the Skirmisher (Ghoul Fighter)         Turns: 4900, Time: 00:05:04

Health: 0/70       AC: 11    Str: 16 (20) XL:     8   Next: 23%
Magic:  9/9        EV:  5    Int:  3 (5)  God:
Gold:   288        SH:  4    Dex: 11 (14) Spells: 7/7 levels left

rFire   . . .      SeeInvis .     - Unarmed
rCold   + + .      Faith    .   b - +0 buckler
rNeg    + + +      Spirit   .   n - +0 plate armour
rPois   ∞          Reflect  .   (no helmet)
rElec   .          Harm     .   (no cloak)
rCorr   .          Rampage  .   (no gloves)
Will    .....                   (no boots)
Stlth   ..........              (no amulet)
HPRegen 0.00/turn               i - ring of protection from cold
MPRegen 0.11/turn               o - +6 ring of dexterity

@: inhibited regen, invisible
A: claws 1, cold resistance 1, negative energy resistance 3, inhibited
regeneration, torment resistance 2
a: no special abilities


You were on level 4 of the Dungeon.
You visited 1 branch of the dungeon, and saw 5 of its levels.

You collected 288 gold pieces.

Inventory:

Armour
 b - a +0 buckler (worn)
 n - a +0 plate armour (worn)
Jewellery
 i - a ring of protection from cold (left claw)
 j - a ring of fire
 o - a +6 ring of dexterity (right claw)
Wands
 k - a wand of flame (13)
Scrolls
 c - a scroll of fog {unknown}
 e - a scroll of summoning {unknown}
 f - 4 scrolls of identify {unknown}
 h - 2 scrolls of teleportation {unknown}
 q - a scroll of enchant armour {unknown}
Potions
 l - a potion of heal wounds {unknown}
 m - a potion of curing {unknown}
 p - a potion of attraction {unknown}
 r - a potion of cancellation {unknown}


   Skills:
 * Level 6.1 Fighting
 + Level 4.0 Armour
 + Level 2.6 Dodging
 + Level 4.0 Shields
 * Level 5.6 Unarmed Combat
 + Level 3.2 Invocations


You had 7 spell levels left.
You didn't know any spells.
Your spell library contained the following spells:

 Spells                   Type           Power      Damage    Failure   Level
 Corpse Rot               Necr/Air       0%         N/A       100%        2
 Poisonous Vapours        Pois/Air       0%         N/A       100%        2


Dungeon Overview and Level Annotations

Branches:
Dungeon (5/15)
 Temple: D:4-7

Altars:
Ashenzari
Cheibriados
Dithmenos
Trog
Yredelemnul

Shops:
D:3 ?

Annotations:
D:4 Pikel


Innate Abilities, Weirdness & Mutations

You thrive by killing the living.
You are immune to poison.
You have sharp fingernails.
Your flesh is cold resistant. (rC+)
You are immune to negative energy. (rN+++)
You do not regenerate when monsters are visible.
You are immune to unholy pain and torment.


Message History

Unknown command.
It was a potion of degeneration.
There was something very wrong with that liquid.
You feel weakened.
You feel dopey.
You feel clumsy. You block Pikel's attack.
It was a potion of invisibility.
You fade into invisibility!
Pikel barely misses you.
You barely miss Pikel.
Pikel is moderately wounded.
Pikel hits you but does no damage.
You closely miss Pikel.
Pikel is moderately wounded.
Pikel hits you but does no damage.
You barely miss Pikel.
Pikel is moderately wounded.
Pikel hits you with a +1 whip of flaming.
Pikel burns you.
* * * LOW HITPOINT WARNING * * *
You scratch Pikel.
Pikel is heavily wounded.
You claw Pikel!
Pikel is severely wounded.
Pikel hits you with a +1 whip of flaming.
* * * LOW HITPOINT WARNING * * *
Pikel burns you.
* * * LOW HITPOINT WARNING * * *
You scratch Pikel.
Pikel is severely wounded.
Pikel hits you but does no damage.
You scratch Pikel.
Pikel is almost dead.
Pikel hits you with a +1 whip of flaming!
* * * LOW HITPOINT WARNING * * *
Pikel burns you.
* * * LOW HITPOINT WARNING * * *
You scratch Pikel.
Pikel is almost dead.
Pikel hits you with a +1 whip of flaming.
You die...

.............##..#..##.........##
..##.##.#.#..............###.###.
..##.##.#.#......#...........##.8
..##.##.#.#......#..####.#####.#.
..#..##.#.#......#..####.#..#...8
..........+.................'....
..........#....[.#..####....#...8
.##............#>#..........##.#.
....#...######.#@#........#####.8
.##.#...#......#.K........###.##.
.##.###.#......#....#..........##
.'..# #.#......#....#..##.###.###
.##.# #........+..........#......
.##.# #.#......#...##..##........
....###'######'#(......##.##..##.
###.##...##............##.##..##.
# #..'...''............##.##..##.


You could see Pikel.

Vanquished Creatures
  Grinder (D:4)
  A water moccasin (D:5)
  A sky beast (D:5)
  A necrophage (D:5)
  A centaur (D:3)
  A lemure (D:4)
  A phantom (D:4)
  A wyvern zombie (D:3)
  A gnoll shaman (D:5)
  A jelly (D:4)
  An iguana (D:4)
  Natasha (thrice) (D:2)
  An orc wizard (D:4)
  5 adders
  3 gnolls (D:5)
  An adder zombie (D:5)
  4 worms
  A dart slug (D:3)
  5 orcs (D:4)
  7 ball pythons
  4 endoplasms
  5 giant cockroaches
  4 goblins
  10 hobgoblins
  4 jackals
  A quokka (D:1)
  6 bats
  A frilled lizard (D:2)
  11 kobolds
  5 rats
92 creatures vanquished.

Notes
Turn   | Place    | Note
-------+----------+-------------------------------------------
     0 | D:1      | HallandMoats the Ghoul Fighter began the quest for the Orb.
     0 | D:1      | Reached XP level 1. HP: 19/19 MP: 0/0
   328 | D:1      | Reached XP level 2. HP: 26/26 MP: 1/1
   544 | D:1      | Reached XP level 3. HP: 25/31 MP: 2/2
  1003 | D:2      | Noticed Natasha
  1010 | D:2      | Killed Natasha
  1011 | D:2      | Reached skill level 1 in Invocations
  1011 | D:2      | Reached XP level 4. HP: 27/40 MP: 3/3
  1210 | D:2      | Noticed Natasha
  1220 | D:2      | Killed Natasha
  1221 | D:2      | Reached skill level 4 in Fighting
  1221 | D:2      | Reached skill level 1 in Dodging
  1233 | D:2      | Noticed Natasha
  1242 | D:2      | Killed Natasha
  1243 | D:2      | Reached XP level 5. HP: 24/46 MP: 3/5
  2070 | D:3      | Found Kezoxzuc's Magic Scroll Shop.
  2301 | D:3      | Found a snail-covered altar of Cheibriados.
  2459 | D:3      | Noticed a centaur
  2468 | D:3      | Killed a centaur
  2469 | D:3      | Reached XP level 6. HP: 16/53 MP: 6/6
  3613 | D:4      | Found a broken altar of Ashenzari.
  3613 | D:4      | Found a basalt altar of Yredelemnul.
  3613 | D:4      | Found a shadowy altar of Dithmenos.
  3733 | D:4      | Noticed Grinder
  3752 | D:4      | Killed Grinder
  3753 | D:4      | Reached skill level 5 in Fighting
  3753 | D:4      | Reached XP level 7. HP: 41/61 MP: 7/7
  3877 | D:4      | Found a bloodstained altar of Trog.
  4218 | D:4      | Reached skill level 5 in Unarmed Combat
  4537 | D:5      | Entered Level 5 of the Dungeon
  4684 | D:5      | Reached XP level 8. HP: 59/70 MP: 9/9
  4704 | D:5      | Reached skill level 6 in Fighting
  4771 | D:5      | Noticed Pikel
  4900 | D:4      | Slain by Pikel

Illustrated notes

Levels and vault maps discovered:
D:1:      dpeg_arrival_castle, layout_loops_ring
D:2:      layout_loops_ring, uniq_natasha
D:3:      layout_basic, slow_altar_1, serial_shops, nicolae_shop_crystal
D:4:      layout_basic, trog_three_pillars_becter,
          gammafunk_temple_overflow_claw, dk_noncrumbling_3, uniq_grinder
D:5:      layout_loops_ring, marbit_many_paths, uniq_sigmund, uniq_pikel

Skill      XL: |  1  2  3  4  5  6  7  8 |
---------------+-------------------------+-----
Unarmed Combat | 3 4 5 |  5.6
Invocations    | 1 2 3 |  3.2
Fighting       | 4 5 6 |  6.1
Armour         | 3 4 |  4.0
Dodging        | 1 2 |  2.6
Shields        | 3 4 |  4.0

Action                   |  1- 3 |  4- 6 |  7- 9 || total
-------------------------+-------+-------+-------++-------
Melee: Unarmed           |    85 |   182 |   139 ||   406
Throw: Throwing net      |       |       |     1 ||     1
  Use: Potion            |       |     2 |     3 ||     5
Armor: Scale mail        |    41 |    42 |       ||    83
       Plate armour      |       |    33 |    64 ||    97
Dodge: Dodged            |    35 |    57 |    21 ||   113
Block: Buckler           |    26 |    26 |    27 ||    79

Table legend: (Time is in decaauts)
 A = Elapsed time spent in this place.
 B = Non-inter-level travel time spent in this place.
 C = Inter-level travel time spent in this place.
 D = Time resting spent in this place.
 E = Time spent auto-exploring this place.
 F = Levels seen in this place.
 G = Mean time per level.
                   A        B        C        D        E       F      G
               +--------+--------+--------+--------+--------+-----+--------+
         Total |   4889 |   4787 |    102 |     69 |   3968 |   5 |  977.8 |
       Dungeon |   4889 |   4787 |    102 |     69 |   3968 |   5 |  977.8 |
               +--------+--------+--------+--------+--------+-----+--------+

Top non-repeatable levels by time:
     D:4: 1409 daAuts
     D:3: 1276 daAuts
     D:2: 1092 daAuts
     D:1: 864 daAuts
     D:5: 246 daAuts
